 Dungeon Crawl Stone Soup version 0.27-a0-695-gb4952372f7 (webtiles) character file.

Game seed: 3107904598131513673

1703 funkygono the Stinger (level 9, -17/45 HPs)
             Began as a Gargoyle Venom Mage on Mar 21, 2021.
             Was an Initiate of Vehumet.
             Demolished by an ogre
             ... wielding a +0 giant club
              (25 damage)
             ... on level 6 of the Dungeon.
             The game lasted 00:23:29 (9232 turns).

funkygono the Stinger (Gargoyle Venom Mage)         Turns: 9232, Time: 00:23:31

Health: -17/45     AC:  9    Str: 11    XL:     9   Next: 3%
Magic:  1/18       EV: 12    Int: 20    God:    Vehumet [......]
Gold:   261        SH:  0    Dex: 10    Spells: 8/21 levels left

rFire    . . .     SeeInvis .   o - +2 whip (venom)
rCold    . . .     Faith    .   (no shield)
rNeg     + + .     Spirit   .   a - +1 robe
rPois    ∞         Reflect  .   (no helmet)
rElec    +         Harm     .   (no cloak)
rCorr    .         Rampage  .   (no gloves)
Will     .....                  (no boots)
Stlth    ++........             (no amulet)
HPRegen  0.15/turn              s - ring of positive energy
MPRegen  0.16/turn              C - ring of wizardry

@: no status effects
A: AC +6, negative energy resistance 1, electricity resistance, torment
resistance 1, unbreathing 1, petrification resistance
a: Renounce Religion


You were on level 6 of the Dungeon.
You worshipped Vehumet.
Vehumet was noncommittal.
You visited 2 branches of the dungeon, and saw 7 of its levels.

You collected 261 gold pieces.

Inventory:

Hand Weapons
 d - a +0 club
 h - a +2 dagger of speed
 m - a +1 whip
 o - a +2 whip of venom (weapon)
 q - a +0 whip of distortion
 r - a +0 flail of draining
Armour
 a - a +1 robe (worn)
Jewellery
 s - a ring of positive energy (right hand)
 w - a +4 ring of slaying
 A - a ring of fire
 C - a ring of wizardry (left hand)
 D - a +6 ring of dexterity
Wands
 g - a wand of random effects (23)
 u - a wand of digging (3)
 z - a wand of iceblast (11)
Scrolls
 e - 2 scrolls of teleportation
 j - a scroll of amnesia
 p - a scroll of silence
Potions
 b - 2 potions of mutation
 c - 2 potions of heal wounds
 f - 2 potions of haste
 i - a potion of brilliance {unknown}
 k - a potion of experience {unknown}
 l - 2 potions of curing
 n - a potion of cancellation {unknown}
 t - 2 potions of invisibility
 v - a potion of attraction {unknown}
 x - 4 potions of flight
 E - a potion of magic {unknown}


   Skills:
 + Level 0.3 Fighting
 + Level 0.7 Maces & Flails
 + Level 1.7 Dodging
 - Level 2.1 Stealth
 * Level 6.5 Spellcasting
 * Level 2.4 Conjurations
 + Level 2.2 Transmutations
 * Level 3.3 Fire Magic
 + Level 2.5 Air Magic
 * Level 6.7 Poison Magic


You had 8 spell levels left.
You knew the following spells:

 Your Spells              Type           Power      Damage    Failure   Level
a - Sting                 Tmut/Pois      96%        1d7       1%          1
b - Poisonous Vapours     Pois/Air       50%        N/A       1%          2
c - Ignite Poison         Fire/Tmut/Pois 22%        N/A       2%          3
d - Mephitic Cloud        Conj/Pois/Air  22%        N/A       2%          3
e - Olgreb's Toxic Radia  Pois           33%        N/A       2%          4

Your spell library contained the following spells:

 Spells                   Type           Power      Damage    Failure   Level
 Magic Dart               Conj           64%        1d6       1%          1
 Conjure Flame            Conj/Fire      18%        6-21      3%          3
 Blink                    Tloc           N/A        N/A       6%          2
 Call Imp                 Summ           6%         N/A       6%          2
 Slow                     Hex            6%         N/A       6%          2
 Confusing Touch          Hex            6%         N/A       12%         3
 Gell's Gravitas          Tloc           3%         N/A       12%         3
 Petrify                  Tmut/Erth      11%        N/A       24%         4
 Yara's Violent Unravell  Hex/Tmut       5%         3d4       52%         5
 Metabolic Englaciation   Hex/Ice        3%         N/A       69%         5


Dungeon Overview and Level Annotations

Branches:
Dungeon (6/15)             Temple (1/1) D:4

Altars:
Ashenzari
Cheibriados
Elyvilon
Fedhas
Gozag
Hepliaklqana
Kikubaaqudgha
Makhleb
Nemelex Xobeh
Qazlal
Ru
Trog
Vehumet
Wu Jian
Xom
Yredelemnul
Zin
The Shining One

Shops:
D:5 ?


Innate Abilities, Weirdness & Mutations

Your stone body is resilient. (AC +6)
You are immune to poison.
You resist negative energy. (rN+)
You are resistant to electric shocks. (rElec)
You are resistant to unholy torment.
You can survive without breathing.
You are immune to petrification.


Message History

Confirm with . or Enter, or press ? or * to list all spells.
Aiming: Sting (safe; 1% risk of failure)
Press: ? - help, Shift-Dir - straight line, f - ogre
Aim: an ogre, wielding a +0 giant club (11% to evade)
The sting hits the ogre.
The ogre is poisoned.
The ogre is lightly wounded.
The ogre misses you.
Casting: Sting (safe; 1% risk of failure)
Confirm with . or Enter, or press ? or * to list all spells.
Aiming: Sting (safe; 1% risk of failure)
Press: ? - help, Shift-Dir - straight line, f/p - ogre
Aim: an ogre, wielding a +0 giant club (lightly wounded, poisoned, 11% to evade)
The sting hits the ogre.
The ogre looks even sicker.
The ogre is moderately wounded.
The ogre completely misses you.
There is a stone staircase leading up here.
Casting: Sting (safe; 1% risk of failure)
Confirm with . or Enter, or press ? or * to list all spells.
Aiming: Sting (safe; 1% risk of failure)
Press: ? - help, Shift-Dir - straight line, f/p - ogre
Aim: an ogre, wielding a +0 giant club (moderately wounded, very poisoned, 11% to evade)
The sting hits the ogre.
The ogre looks even sicker.
The ogre is moderately wounded.
The ogre completely misses you.
You hit the ogre.
The ogre looks as sick as possible!
The ogre is severely wounded.
The ogre misses you.
You hit the ogre.
The ogre looks as sick as possible!
The ogre is severely wounded.
The ogre hits you with a +0 giant club!
You barely miss the ogre.
The ogre is severely wounded.
The ogre hits you but does no damage.
You hit the ogre.
The ogre looks as sick as possible!
The ogre is almost dead.
The ogre hits you with a +0 giant club!!
* * * LOW HITPOINT WARNING * * *
The ogre hits you with a +0 giant club!!
Ouch! That really hurt!
You die...

#. #.# #.
#. #.# #.#
.###o# #..
...).. #..
#.##.# #..
#.##.# #..
#.##)#
#..###....#
#..@Oo....#
##†######.#
#. .... ##
.....#
#....#
#.##.# #.
.#


You could see an ogre (extremely poisoned) and an orc.

Vanquished Creatures
  Grinder (D:5)
  Duvessa (D:6)
  An ice beast (D:5)
  An ogre (D:3)
  A kobold brigand (D:5)
  A scorpion (D:5)
  Dowan (D:6)
  3 hounds
  A bullfrog zombie (D:6)
  3 gnoll shamans (D:3)
  3 orc priests
  An iguana (D:5)
  7 worker ants
  An orc wizard (D:4)
  3 adders
  34 gnolls (D:3)
  A shadow imp (D:5)
  An ufetubus (D:5)
  An adder skeleton (D:4)
  A worm (D:5)
  3 dart slugs
  5 leopard geckos
  13 orcs
  2 bats
  6 giant cockroaches
  15 goblins
  7 hobgoblins
  18 jackals
  A quokka (D:2)
  A ball python (D:3)
  5 frilled lizards
  12 kobolds
  4 rats
159 creatures vanquished.

Vanquished Creatures (others)
  Ijyb (D:5)
  2 plants (D:3)
3 creatures vanquished.

Grand Total: 162 creatures vanquished

Notes
Turn   | Place    | Note
-------+----------+-------------------------------------------
     0 | D:1      | funkygono the Gargoyle Venom Mage began the quest for the
                  | Orb.
     0 | D:1      | Reached XP level 1. HP: 10/10 MP: 3/3
   369 | D:1      | Reached XP level 2. HP: 15/15 MP: 1/5
   514 | D:1      | Learned a level 2 spell: Poisonous Vapours
   584 | D:1      | Reached skill level 1 in Transmutations
   849 | D:1      | Reached XP level 3. HP: 19/19 MP: 4/7
   853 | D:1      | Learned a level 3 spell: Ignite Poison
  1607 | D:2      | Reached XP level 4. HP: 24/24 MP: 5/8
  2456 | D:3      | Reached skill level 1 in Air Magic
  2998 | D:3      | Reached XP level 5. HP: 6/28 MP: 0/10
  3002 | D:3      | Learned a level 3 spell: Mephitic Cloud
  3615 | D:3      | Reached skill level 1 in Fire Magic
  4017 | D:3      | Reached XP level 6. HP: 22/32 MP: 2/11
  4882 | D:3      | Reached XP level 7. HP: 36/36 MP: 7/13
  5752 | D:3      | Reached skill level 5 in Poison Magic
  5889 | D:3      | Learned a level 4 spell: Olgreb's Toxic Radiance
  5956 | D:4      | Reached skill level 5 in Spellcasting
  6660 | D:4      | Reached XP level 8. HP: 41/41 MP: 9/15
  7068 | D:4      | Found a staircase to the Ecumenical Temple.
  7077 | Temple   | Entered the Ecumenical Temple
  7193 | Temple   | Became a worshipper of Vehumet
  7640 | D:5      | Entered Level 5 of the Dungeon
  7641 | D:5      | Found Xuwaledot's Magic Scroll Shop.
  7722 | D:5      | Noticed Grinder
  7732 | D:5      | Killed Grinder
  7733 | D:5      | Reached skill level 1 in Conjurations
  7819 | D:5      | Noticed Ijyb
  7825 | D:5      | Killed Ijyb
  9210 | D:6      | Noticed Duvessa
  9210 | D:6      | Noticed Dowan
  9218 | D:6      | Killed Dowan
  9221 | D:6      | Killed Duvessa
  9222 | D:6      | Reached XP level 9. HP: 34/45 MP: 2/18
  9232 | D:6      | Demolished by an ogre

Illustrated notes

Levels and vault maps discovered:
D:1:      dpeg_arrival_central, layout_basic
D:2:      layout_basic, minmay_tiny_reverse_x
D:3:      lemuel_castle_with_subvaults [lemuel_castle_interior_carwin_3],
          layout_loops_cross
D:4:      layout_loops_ring, minmay_temple_entry_poolview
D:5:      cheibrodos_thug_alley, layout_basic, serial_shops, shop,
          yredelemnul_altar_generic, uniq_ijyb, uniq_grinder
D:6:      layout_loops_ring, gammafunk_temple_overflow_wave,
          grunt_temple_overflow_open, uniq_duvessa
Temple:   dpeg_five_rooms_temple

Skill      XL: |  1  2  3  4  5  6  7  8 |
---------------+-------------------------+-----
Transmutations | 1 2 |  2.2
Spellcasting   | 3 4 5 6 |  6.5
Air Magic      | 1 2 |  2.5
Poison Magic   | 4 5 6 |  6.7
Fire Magic     | 1 2 3 |  3.3
Conjurations   | 2 |  2.4
Fighting       | |  0.3
Maces & Flails | |  0.7
Dodging        | |  1.7
Stealth        | |  2.1

Action                   |  1- 3 |  4- 6 |  7- 9 || total
-------------------------+-------+-------+-------++-------
Melee: Dagger            |     3 |       |       ||     3
       Whip              |       |       |    27 ||    27
 Cast: Sting             |    28 |    29 |    72 ||   129
       Poisonous Vapours |    19 |    90 |    57 ||   166
       Ignite Poison     |     1 |     1 |    24 ||    26
       Mephitic Cloud    |       |       |     7 ||     7
  Use: Scroll            |     2 |     6 |     6 ||    14
       Potion            |       |     1 |       ||     1
Armor: Robe              |     6 |     7 |    20 ||    33
Dodge: Dodged            |    14 |    18 |    29 ||    61

Table legend: (Time is in decaauts)
 A = Elapsed time spent in this place.
 B = Non-inter-level travel time spent in this place.
 C = Inter-level travel time spent in this place.
 D = Time resting spent in this place.
 E = Time spent auto-exploring this place.
 F = Levels seen in this place.
 G = Mean time per level.
                   A        B        C        D        E       F      G
               +--------+--------+--------+--------+--------+-----+--------+
         Total |   9245 |   9053 |    192 |   1446 |   6133 |   7 | 1320.7 |
       Dungeon |   8980 |   8820 |    160 |   1446 |   5905 |   6 | 1496.7 |
        Temple |    264 |    233 |     31 |      0 |    228 |   1 |  264.0 |
               +--------+--------+--------+--------+--------+-----+--------+

Top non-repeatable levels by time:
     D:3: 3187 daAuts
     D:2: 1698 daAuts
     D:4: 1425 daAuts
     D:5: 1408 daAuts
     D:1: 1070 daAuts
  Temple: 264 daAuts
     D:6: 190 daAuts
